 Dungeon Crawl Stone Soup version 0.28-a0-804-g60983d4ba9 (webtiles) character file.

Game seed: 7225623898144327962

799 vurker the Gusty (level 7, -2/41 HPs)
             Began as a Tengu Air Elementalist on Nov 7, 2021.
             Was an Initiate of Vehumet.
             Shot with an arrow by a centaur (14 damage)
             ... on level 6 of the Dungeon.
             The game lasted 00:07:18 (6153 turns).

vurker the Gusty (Tengu Air Elementalist)           Turns: 6153, Time: 00:07:19

Health: -2/41      AC:  3    Str:  8    XL:     7   Next: 90%
Magic:  9/15       EV: 14    Int: 18    God:    Vehumet [......]
Gold:   290        SH:  0    Dex: 14    Spells: 10/15 levels left

rFire   . . .      SeeInvis .   (no weapon)
rCold   . . .      Faith    .   (no shield)
rNeg    . . .      Spirit   .   a - +0 robe
rPois   .          Reflect  .   (helmet restricted)
rElec   .          Harm     .   h - +0 cloak
rCorr   .          Rampage  .   (no gloves)
Will    .....                   (boots unavailable)
Stlth   ++........              (no amulet)
HPRegen 0.13/turn               (no ring)
MPRegen 0.14/turn               (no ring)

@: flying quickly and evasively, quick
A: beak, talons 3, nimble flight
a: Renounce Religion


You were on level 6 of the Dungeon.
You worshipped Vehumet.
Vehumet was noncommittal.
You visited 1 branch of the dungeon, and saw 6 of its levels.

You collected 316 gold pieces.
You spent 26 gold pieces at shops.

Inventory:

Armour
 a - a +0 robe (worn)
 h - a +0 cloak (worn)
   (You found it on level 2 of the Dungeon)
Wands
 x - a wand of acid (10)
   (You found it on level 5 of the Dungeon)
Scrolls
 g - 4 scrolls of identify
Potions
 b - 2 potions of brilliance
 c - a potion of haste
 e - a potion of curing
 j - 2 potions of heal wounds
 k - a potion of resistance
 m - 2 potions of attraction


   Skills:
 + Level 3.2 Fighting
 - Level 2.1 Dodging
 - Level 2.0 Stealth
 * Level 4.8 Spellcasting
 + Level 4.7 Conjurations
 * Level 7.6 Air Magic


You had 10 spell levels left.
You knew the following spells:

 Your Spells              Type           Power      Damage    Failure   Level
a - Shock                 Conj/Air       100%       1d9       1%          1
c - Airstrike             Air            15%        N/A       6%          4

Your spell library contained the following spells:

 Spells                   Type           Power      Damage    Failure   Level
 Static Discharge         Conj/Air       26%        N/A       1%          2
 Swiftness                Air            31%        N/A       1%          3
 Gell's Gravitas          Tloc           4%         N/A       38%         3
 Lesser Beckoning         Tloc           4%         N/A       38%         3
 Teleport Other           Tloc           4%         N/A       38%         3


Dungeon Overview and Level Annotations

Branches:
Dungeon (6/15)             Temple (0/1) D:4

Altars:
Hepliaklqana
Vehumet

Shops:
D:3 (*=?!

Annotations:
D:5 5 runed translucent doors


Innate Abilities, Weirdness & Mutations

You have a beak for a mouth.
You have claws for feet.
Your magical nature lets you fly swiftly and evasively.


Message History

Aim: a hound (heavily wounded, 64% to hit)
The zap hits the hound.
Aim: a hound (severely wounded, 64% to hit)
The zap hits the hound.
A black bear comes into view.
Aim: a hound (almost dead, 64% to hit)
The zap misses the hound.
The hound bites you. The hound closely misses you.
Aim: a hound (almost dead, 64% to hit)
The zap hits the hound.
You kill the hound!
Vehumet accepts your kill.
You start resting.
A black bear is nearby!
The zap hits the black bear.
The zap hits the black bear!
The zap hits the black bear.
The zap hits the black bear!
The zap hits the black bear!
You kill the black bear!
Vehumet accepts your kill.
A white imp comes into view.
The white imp shouts, "Decamp, thou feeble clay-brained bounder!"
A white imp is nearby!
Aim: a white imp (74% to hit)
The zap hits the white imp!
Aim: a white imp (severely wounded, 74% to hit)
The zap hits the white imp.
Aim: a white imp (almost dead, 74% to hit)
The zap misses the white imp.
A white imp is nearby!
Aim: a white imp (almost dead, 74% to hit)
The zap hits the white imp.
You kill the white imp!
Vehumet accepts your kill.
A centaur comes into view. It is wielding a +0 spear.
A centaur is nearby!
A centaur is nearby!
Aim: a centaur, wielding a +0 spear and quivering arrows (wandering, hasn't noticed you, 84% to hit)
The zap hits the centaur.
The centaur shouts!
The centaur unwields a +0 spear.
The centaur wields a +0 shortbow.
The centaur shoots an arrow.
The arrow hits you!
Aim: a centaur, wielding a +0 shortbow and quivering arrows (moderately wounded, 84% to hit)
The zap misses the centaur.
The centaur shoots an arrow.
The arrow hits you!
* * * LOW HITPOINT WARNING * * *
The spell is quite dangerous to cast (6% risk of failure)!
Continue anyway? [Y]es or [N]o only, please.
The spell is quite dangerous to cast (6% risk of failure)!
Continue anyway?
Aim: a centaur, wielding a +0 shortbow and quivering arrows (moderately wounded, empty space bonus: 3/8)
The air twists around and strikes the centaur!
The centaur shoots an arrow.
The arrow hits you!
You die...

* *,,*,,*,*,*,***,*,**,*,*
* *,,*,,,,...,* *,,,,,,*,*
* *,,*,,,,#.#******,****,*
* *,,#....#..,,,,,,,,,,,,*
* *,,#....#c#******,***,,*
* *,,#[...#.#,,,,,,,,,*,,*
####
*,,#....#.#,*****,***,,*
...# #,,#....#.#,,,,,,,*
*,,* ...#
#.,#....#@#######****,,*
...#
#..#....#........,,,,,,*
...#
#..#.............,,,,,,*
.<.#
#.....#.##################
...#
*#........................
...#
####.#.##################
...# #...........,,,..#
...# #...########***#.#
...# #...# #.#


You could see a centaur.

Vanquished Creatures
  2 black bears
  2 ogres
  A scorpion (D:5)
  A water moccasin zombie (D:5)
  2 hounds
  An orc priest (D:5)
  A bullfrog skeleton (D:6)
  An iguana (D:4)
  A howler monkey zombie (D:5)
  6 adders
  A white imp (D:6)
  4 worms (D:2)
  3 dart slugs
  11 orcs
  7 ball pythons
  9 endoplasms
  6 giant cockroaches
  13 goblins
  6 hobgoblins
  6 jackals
  2 quokkas
  7 bats
  2 frilled lizards
  7 kobolds
  8 rats
110 creatures vanquished.

Vanquished Creatures (others)
  7 plants (D:1)
7 creatures vanquished.

Grand Total: 117 creatures vanquished

Notes
Turn   | Place    | Note
-------+----------+-------------------------------------------
     0 | D:1      | vurker the Tengu Air Elementalist began the quest for the
                  | Orb.
     0 | D:1      | Reached XP level 1. HP: 10/10 MP: 4/4
    45 | D:1      | Found a faded altar of an unknown god.
   193 | D:1      | Reached XP level 2. HP: 15/15 MP: 1/6
   612 | D:1      | Reached XP level 3. HP: 11/20 MP: 1/7
  1396 | D:2      | Reached skill level 1 in Fighting
  1583 | D:2      | Reached XP level 4. HP: 21/25 MP: 3/9
  1653 | D:2      | Reached skill level 5 in Air Magic
  2396 | D:2      | Found a hazy altar of Hepliaklqana.
  2995 | D:3      | Found Tinidota's Magic Scroll Shop.
  3000 | D:3      | Bought a scroll of identify for 26 gold pieces
  3016 | D:3      | Gained mutation: Your magical nature lets you fly swiftly
                  | and evasively. [Tengu growth]
  3016 | D:3      | Reached XP level 5. HP: 29/29 MP: 7/10
  3231 | D:3      | Found Adwucla's Jewellery Shoppe.
  3382 | D:3      | Found Zialirgh's Distillery.
  3418 | D:3      | Found Kepoosey's Assorted Antiques.
  3425 | D:3      | Found Cafarof's Weapon Shop.
  3752 | D:4      | Noticed an ogre
  3767 | D:4      | Killed an ogre
  3839 | D:4      | Learned a level 4 spell: Airstrike
  3876 | D:4      | Reached XP level 6. HP: 34/35 MP: 8/12
  3976 | D:4      | Reached skill level 6 in Air Magic
  4415 | D:4      | Found a radiant altar of Vehumet.
  4601 | D:4      | Became a worshipper of Vehumet
  4712 | D:4      | Found a staircase to the Ecumenical Temple.
  4885 | D:5      | Entered Level 5 of the Dungeon
  5178 | D:5      | Noticed a black bear
  5192 | D:5      | Killed a black bear
  5193 | D:5      | Reached XP level 7. HP: 40/40 MP: 9/14
  5294 | D:5      | Noticed a redback
  5441 | D:5      | Reached skill level 7 in Air Magic
  5685 | D:5      | Found a runed translucent gate.
  5685 | D:5      | Found a runed translucent gate.
  5685 | D:5      | Noticed a redback
  5686 | D:5      | Found a runed translucent door.
  5697 | D:5      | Found a runed translucent gate.
  5709 | D:5      | Found a runed translucent door.
  6153 | D:6      | Shot with an arrow by a centaur

Illustrated notes

Levels and vault maps discovered:
D:1:      mushboom_english_gardens, layout_loops_cross, serial_bayou,
          serial_bayou_lagoon_b, serial_bayou_shore_a, serial_bayou_pond_d,
          serial_bayou_pond_e, shapermc_ecumenical_altar_venn, fountainhead
D:2:      layout_loops_ring, basic_altar, st_stairs_5, minmay_increasing_density
D:3:      layout_rooms, serial_shops, nicolae_shop_behind_doors, shop, shop,
          shop, nicolae_shop_statue_plus
D:4:      layout_loops_ring, lemuel_coloured_pillars_altar,
          minmay_temple_entry_nine_rooms
D:5:      layout_cave_pools, minmay_guarded_unrand_staff_of_olgreb
D:6:      layout_basic

Skill      XL: |  1  2  3  4  5  6  7 |
---------------+----------------------+-----
Conjurations   | 2 3 4 |  4.7
Fighting       | 1 2 3 |  3.2
Air Magic      | 5 6 7 |  7.6
Spellcasting   | 3 4 |  4.8
Dodging        | |  2.1
Stealth        | |  2.0

Action                   |  1- 3 |  4- 6 |  7- 9 || total
-------------------------+-------+-------+-------++-------
Melee: Unarmed           |    12 |       |       ||    12
       Peck              |     3 |       |       ||     3
       Kick              |     1 |       |       ||     1
 Cast: Shock             |    74 |   147 |    54 ||   275
       Airstrike         |       |       |     1 ||     1
  Use: Scroll            |       |     4 |     9 ||    13
Armor: Robe              |     4 |     2 |       ||     6
Dodge: Dodged            |    17 |     6 |     7 ||    30

Table legend: (Time is in decaauts)
 A = Elapsed time spent in this place.
 B = Non-inter-level travel time spent in this place.
 C = Inter-level travel time spent in this place.
 D = Time resting spent in this place.
 E = Time spent auto-exploring this place.
 F = Levels seen in this place.
 G = Mean time per level.
                   A        B        C        D        E       F      G
               +--------+--------+--------+--------+--------+-----+--------+
         Total |   6030 |   5803 |    227 |    356 |   4759 |   6 | 1005.0 |
       Dungeon |   6030 |   5803 |    227 |    356 |   4759 |   6 | 1005.0 |
               +--------+--------+--------+--------+--------+-----+--------+

Top non-repeatable levels by time:
     D:1: 1585 daAuts
     D:2: 1473 daAuts
     D:4: 1417 daAuts
     D:5: 798 daAuts
     D:3: 495 daAuts
     D:6: 260 daAuts
